 Dungeon Crawl Stone Soup version 0.28-a0-97-g102d6777a4 (webtiles) character file.

Game seed: 5814153898079605151

23895 lunkers the Thaumaturge (level 13, -15/101 HPs)
             Began as a Djinni Earth Elementalist on Aug 9, 2021.
             Was an Initiate of Gozag.
             Demolished by a komodo dragon (31 damage)
             ... on level 6 of the Lair of Beasts.
             The game lasted 00:31:49 (20755 turns).

lunkers the Thaumaturge (DjEE)                     Turns: 20755, Time: 00:31:50

Health: -15/101    AC:  4    Str:  7    XL:     13   Next: 38%
Gold:   3152       EV: 16    Int: 21    God:    Gozag SH:  0 Dex: 15

rFire   + + +      SeeInvis .   T - staff of earth
rCold   x . .      Faith    .   (no shield)
rNeg    . . .      Spirit   .   b - +0 robe
rPois   ∞          Reflect  .   S - +0 helmet
rElec   .          Harm     .   w - +0 cloak "Katigigy" {rF+ Will+ rCorr}
rCorr   +          Rampage  .   (no gloves)
Will    ++...                   (boots unavailable)
Stlth   ++........              (no amulet)
HPRegen 0.26/turn               d - +4 ring of evasion
MPRegen 0.00/turn               h - ring of wizardry

@: gold aura, flying
A: sickness immunity, fire resistance 2, cold vulnerability 1, float, innate
caster, hp casting, extra vitality 1
a: Renounce Religion, Potion Petition, Call Merchant, Bribe Branch


You were on level 6 of the Lair of Beasts.
You worshipped Gozag.
Gozag was most pleased with you.
You visited 2 branches of the dungeon, and saw 15 of its levels.
You also visited: Ossuary.

You collected 3168 gold pieces.
You paid 16 gold pieces to Gozag.

Inventory:

Missiles
 g - 349 stones
 N - 3 throwing nets
Armour
 b - a +0 robe (worn)
 o - a +0 cloak
 w - the +0 cloak "Katigigy" (worn) {rF+ Will+ rCorr}
   (You found it on level 4 of the Dungeon)

   rF:        It protects you from fire.
   rCorr:     It protects you from acid and corrosion.
   Will:      It increases your willpower.
 S - a +0 helmet (worn)
Magical Staves
 f - a staff of fire
 M - a staff of conjuration
 T - a staff of earth (weapon)
Jewellery
 c - a +6 ring of strength
 d - a +4 ring of evasion (left hand)
 h - a ring of wizardry (right hand)
 x - a ring of fire
 B - a ring of positive energy
 R - a ring of positive energy
Wands
 t - a wand of flame (82)
 z - a wand of digging (7)
 C - a wand of polymorph (17)
 K - a wand of iceblast (17)
 V - a wand of mindburst (7)
Scrolls
 a - a scroll of brand weapon {unknown}
 e - 7 scrolls of magic mapping {unknown}
 k - 3 scrolls of amnesia {unknown}
 l - a scroll of vulnerability {unknown}
 m - 3 scrolls of enchant armour {unknown}
 n - 9 scrolls of teleportation {unknown}
 p - 3 scrolls of acquirement {unknown}
 y - a scroll of holy word {unknown}
 A - 6 scrolls of enchant weapon {unknown}
 D - 6 scrolls of identify {unknown}
 E - 2 scrolls of summoning {unknown}
 H - a scroll of fear {unknown}
 I - 3 scrolls of immolation {unknown}
 L - 2 scrolls of noise {unknown}
 P - a scroll of fog {unknown}
 Q - a scroll of torment {unknown}
Potions
 i - a potion of might {unknown}
 j - 3 potions of attraction {unknown}
 q - 9 potions of curing {unknown}
 r - 2 potions of brilliance {unknown}
 s - 5 potions of flight {unknown}
 u - a potion of invisibility {unknown}
 v - 2 potions of mutation {unknown}
 F - a potion of degeneration {unknown}
 G - 5 potions of heal wounds {unknown}
 J - 2 potions of berserk rage {unknown}
 U - a potion of haste {unknown}
Miscellaneous
 O - a lightning rod (4/4)


   Skills:
 + Level 12.3 Fighting
 - Level 2.1 Dodging
 - Level 1.5 Stealth
 * Level 13.5 Spellcasting


You had 10 spell levels left.
You knew the following spells:

 Your Spells              Type           Power      Damage    Failure   Level
a - Stone Arrow           Conj/Erth      100%       3d13      1%          3
b - Passwall              Tmut/Erth      68%        N/A       1%          2
c - Sandblast             Erth           100%       2d20      0%          1
d - Petrify               Tmut/Erth      82%        N/A       1%          4
e - Corona                Hex            70%        N/A       0%          1
f - Ensorcelled Hibernat  Hex/Ice        100%       N/A       1%          2
g - Slow                  Hex            63%        N/A       1%          2
h - Animate Armour        Summ/Erth      100%       N/A       1%          4
i - Freezing Cloud        Conj/Ice/Air   31%        6-21      1%          5
j - Lightning Bolt        Conj/Air       31%        1d48      1%          5
Your spell library was empty.

Dungeon Overview and Level Annotations

Branches:
Dungeon (11/15)            Temple (0/1) D:4            Lair (3/6) D:10
  Swamp (0/4) Lair:2      Ossuary (visited)
  Snake: Lair:2-4    Spider: Lair:2-4       Orc: D:9-12

Altars:
Cheibriados
Elyvilon
Fedhas
Gozag
Hepliaklqana
Makhleb
Nemelex Xobeh
Okawaru
Qazlal
Ru
Vehumet
Wu Jian

Shops:
D:10 *

Annotations:
D:4 2 transporters, exclusion: statue, Atlas's ghost, amateur DrTm
D:5 1 runed translucent door, rogsnak's ghost, novice DsFE
D:8 3 runed translucent doors, pokeman's ghost, novice DEWz


Innate Abilities, Weirdness & Mutations

You are immune to sickness and miasma.
You are immune to poison.
Your flesh is very heat resistant. (rF++)
You are vulnerable to cold. (rC-)
You float through the air rather than walking.
You learn spells naturally, not from books.
Your magical power is your life essence.
You have superior vitality. (+4 HP)


Message History

Confirm with . or Enter, or press ? or * to list all spells.
Aiming: Stone Arrow (safe; 1% risk of failure)
Press: ? - help, Shift-Dir - straight line, f - komodo dragon
Aim: a komodo dragon (84% to hit)
You feel a surge of power!
The stone arrow hits the komodo dragon!!
The komodo dragon is severely wounded.
* * * LOW HITPOINT WARNING * * *
Casting: Stone Arrow (safe; 1% risk of failure)
Confirm with . or Enter, or press ? or * to list all spells.
Aiming: Stone Arrow (safe; 1% risk of failure)
Press: ? - help, Shift-Dir - straight line, f/p - komodo dragon
Aim: a komodo dragon (severely wounded, 84% to hit)
You feel a surge of power!
The stone arrow hits the komodo dragon!
The komodo dragon is almost dead.
* * * LOW HITPOINT WARNING * * *
The komodo dragon hisses menacingly.
Unknown command.
Casting: Stone Arrow (safe; 1% risk of failure)
Confirm with . or Enter, or press ? or * to list all spells.
Aiming: Stone Arrow (safe; 1% risk of failure)
Press: ? - help, Shift-Dir - straight line, f/p - komodo dragon
Aim: a komodo dragon (almost dead, 84% to hit)
You feel a surge of power!
The stone arrow misses the komodo dragon.
* * * LOW HITPOINT WARNING * * *
The komodo dragon bites you!!
* * * LOW HITPOINT WARNING * * *
Casting: Stone Arrow (safe; 1% risk of failure)
Confirm with . or Enter, or press ? or * to list all spells.
Aiming: Stone Arrow (safe; 1% risk of failure)
Press: ? - help, Shift-Dir - straight line, f/p - komodo dragon
Aim: a komodo dragon (almost dead, 84% to hit)
You feel a surge of power!
The stone arrow hits the komodo dragon but does no damage.
The komodo dragon is almost dead.
* * * LOW HITPOINT WARNING * * *
The komodo dragon bites you!!
You die...
Your body crumbles into a pile of gold.

......
.........
####.........
...#..#.....
#...........
##...$##.....
#.#P$.#...P..
#....l.#.....
#P...@.$#.#
#P....$.$.#
##P.......#
##.#P.....#
##......#.#
##P.......
##.#.#...
.##.#.. ##
##..


You could see a komodo dragon.

Vanquished Creatures
  2 hydras
  A boulder beetle (Lair:2)
  A two-headed ogre (D:11)
  2 bog bodies (Lair:2)
  A manticore (D:11)
  A torpor snail (Lair:3)
  A black mamba (Lair:1)
  3 cane toads
  5 komodo dragons
  2 rime drakes
  3 trolls
  2 polar bears
  A shadow (D:10)
  2 centaur simulacra (D:10)
  3 wyverns
  Sigmund (D:2)
  2 wraiths
  38 yaks
  Eustachio (D:5)
  3 swamp worms (Lair:2)
  An acid dragon (D:6)
  14 water moccasins
  2 sky beasts
  2 black bears
  2 orc warriors
  2 ogres
  A necrophage (D:6)
  12 wolves
  2 centaurs
  A phantom (D:4)
  2 kobold brigands
  15 bullfrogs
  2 scorpions
  A water moccasin zombie (D:5)
  2 gnoll sergeants
  6 killer bees (D:9)
  7 electric eels
  9 wights
  5 howler monkeys
  2 jellies
  6 hounds
  5 centaur zombies
  5 orc priests
  A bullfrog skeleton (D:6)
  2 gnoll shamans (D:8)
  An iguana (D:4)
  8 orc wizards
  A hound skeleton (D:4)
  A mummy (Ossuary)
  A howler monkey zombie (D:5)
  22 gnolls
  9 adders
  3 white imps
  3 ufetubi
  An adder skeleton (D:4)
  A worm (D:2)
  2 dart slugs (D:2)
  32 orcs
  7 endoplasms
  3 giant cockroaches
  8 goblins
  6 hobgoblins
  2 jackals (D:4)
  12 kobolds
  3 quokkas
  8 ball pythons
  9 bats
  4 frilled lizards
  4 gnoll skeletons (Ossuary)
  8 kobold skeletons (Ossuary)
  13 orc skeletons (Ossuary)
  A quokka skeleton (D:4)
  5 rats
362 creatures vanquished.

Vanquished Creatures (others)
  43 fungi
  54 plants
97 creatures vanquished.

Grand Total: 459 creatures vanquished

Notes
Turn   | Place    | Note
-------+----------+-------------------------------------------
     0 | D:1      | lunkers the Djinni Earth Elementalist began the quest for
                  | the Orb.
     0 | D:1      | Reached XP level 1. HP: 15/15 MP: 0/0
   446 | D:1      | Reached XP level 2. HP: 14/22 MP: 0/0
   843 | D:1      | Reached skill level 1 in Fighting
  1166 | D:2      | Reached skill level 3 in Spellcasting
  1166 | D:2      | Reached XP level 3. HP: 25/27 MP: 0/0
  1166 | D:2      | Learned a level 1 spell: Corona
  1670 | D:2      | Reached XP level 4. HP: 25/32 MP: 0/0
  1846 | D:2      | Noticed Sigmund
  2341 | D:2      | Killed Sigmund
  2342 | D:2      | Reached skill level 4 in Spellcasting
  2342 | D:2      | Reached XP level 5. HP: 22/40 MP: 0/0
  2342 | D:2      | Learned a level 2 spell: Ensorcelled Hibernation
  2342 | D:2      | Reached XP level 6. HP: 25/45 MP: 0/0
  2748 | D:3      | Found a hazy altar of Hepliaklqana.
  2748 | D:3      | Found a white marble altar of Elyvilon.
  2750 | D:3      | Found a sacrificial altar of Ru.
  2751 | D:3      | Found an opulent altar of Gozag.
  2752 | D:3      | Found an ornate altar of the Wu Jian Council.
  2760 | D:3      | Became a worshipper of Gozag Ym Sagoz the Greedy
  3893 | D:4      | Found a staircase to the Ecumenical Temple.
  3902 | D:4      | Reached XP level 7. HP: 41/50 MP: 0/0
  3902 | D:4      | Learned a level 2 spell: Slow
  4419 | D:4      | Noticed a toenail golem
  4453 | D:4      | Found a transporter.
  4462 | D:4      | Found a transporter.
  4520 | D:4      | Reached skill level 5 in Spellcasting
  4683 | D:4      | Noticed Atlas's ghost (amateur DrTm)
  5015 | D:4      | Identified the +0 cloak "Katigigy" {rF+ Will+ rCorr}
  5579 | D:5      | Entered Level 5 of the Dungeon
  5620 | D:5      | Found a blossoming altar of Fedhas.
  5898 | D:5      | Reached XP level 8. HP: 55/58 MP: 0/0
  6006 | D:5      | Found a runed translucent door.
  6190 | D:5      | Noticed Eustachio
  6197 | D:5      | Killed Eustachio
  6198 | D:5      | Reached skill level 6 in Spellcasting
  6496 | D:5      | Noticed a wyvern
  6500 | D:5      | Killed a wyvern
  6501 | D:5      | Reached skill level 5 in Fighting
  6858 | D:5      | Noticed rogsnak's ghost (novice DsFE)
  6922 | D:6      | Reached skill level 7 in Spellcasting
  6923 | D:6      | Reached XP level 9. HP: 50/66 MP: 0/0
  6923 | D:6      | Learned a level 4 spell: Animate Armour
  8464 | D:7      | Found a sand-covered staircase.
  8477 | Ossuary  | Entered an ossuary
  8728 | Ossuary  | Reached skill level 8 in Spellcasting
  9986 | D:8      | Reached XP level 10. HP: 56/75 MP: 0/0
 10435 | D:8      | Reached skill level 9 in Spellcasting
 10621 | D:8      | Found a runed translucent gate.
 10621 | D:8      | Found a runed translucent gate.
 10628 | D:8      | Found a runed translucent gate.
 10719 | D:8      | Noticed pokeman's ghost (novice DEWz)
 10995 | D:8      | Found a snail-covered altar of Cheibriados.
 11179 | D:8      | Found an iron altar of Okawaru.
 11488 | D:9      | Found a burning altar of Makhleb.
 11491 | D:9      | Identified the +9 whip of the Onslaught {drain, Str+4
                  | Dex-3}
 11824 | D:9      | Found a stormy altar of Qazlal.
 12369 | D:10     | Entered Level 10 of the Dungeon
 12443 | D:10     | Reached skill level 10 in Spellcasting
 12457 | D:10     | Reached XP level 11. HP: 50/84 MP: 0/0
 12457 | D:10     | Learned a level 5 spell: Freezing Cloud
 12838 | D:10     | Found Lefukhos's Overcharged Wands.
 13005 | D:10     | Found a flagged portal.
 13243 | D:10     | HP: 3/85 [troll (9)]
 13245 | D:10     | Reached skill level 11 in Spellcasting
 13876 | D:10     | Reached skill level 10 in Fighting
 13913 | D:10     | Found a sparkling altar of Nemelex Xobeh.
 13947 | D:10     | Found a staircase to the Lair.
 13952 | D:10     | You are sucked into a shaft and drop 1 floor!
 13954 | D:11     | Noticed a manticore
 13974 | D:11     | Killed a manticore
 14464 | D:11     | Noticed a two-headed ogre
 14469 | D:11     | Killed a two-headed ogre
 14682 | D:10     | Reached XP level 12. HP: 78/92 MP: 0/0
 15486 | Lair:1   | Entered Level 1 of the Lair of Beasts
 16083 | Lair:1   | Reached skill level 12 in Spellcasting
 17320 | Lair:2   | Noticed a five-headed hydra
 17326 | Lair:2   | Killed a five-headed hydra
 18225 | Lair:2   | Noticed a boulder beetle
 18235 | Lair:2   | Killed a boulder beetle
 18829 | Lair:2   | Found a staircase to the Swamp.
 18836 | Lair:2   | Reached XP level 13. HP: 77/100 MP: 0/0
 18836 | Lair:2   | Learned a level 5 spell: Lightning Bolt
 19312 | Lair:3   | Reached skill level 13 in Spellcasting
 20199 | Lair:3   | Noticed a six-headed hydra
 20206 | Lair:3   | Killed a six-headed hydra
 20648 | Lair:3   | You are sucked into a shaft and drop 3 floors!
 20648 | Lair:6   | Entered Level 6 of the Lair of Beasts
 20755 | Lair:6   | Demolished by a komodo dragon

Illustrated notes

Levels and vault maps discovered:
D:1:      minmay_arrival_stair_chambers, layout_loops_ring
D:2:      layout_loops_ring, uniq_sigmund
D:3:      cheibrodos_pilgrimage, layout_basic, minitemple
D:4:      layout_loops_corners, vehumet_statue,
          minmay_temple_entry_statues_fountains, gammafunk_ghost_abyssal_escape
D:5:      layout_gridville, fedhas_ov_isle_minmay, gammafunk_ghost_grave,
          hangedman_decor_push, minmay_statues_item, kennysheep_small_circle,
          uniq_eustachio
D:6:      layout_basic, kennysheep_generic_room_5
D:7:      layout_basic, enter_ossuary_2
D:8:      layout_loops_ring, mainiacjoe_overflow_alcove_1, kennysheep_mini_moat,
          gammafunk_ghost_necromancy
D:9:      layout_gridville, bloody_makhleb, nicolae_qazlal_style_of_elements
D:10:     layout_long_grid, nemelex_xobeh_ov_fountains_minmay,
          due_lair_maze_entry_diamond, enter_bailey_3, serial_ice, serial_ice_a,
          serial_ice_h, serial_ice_n, serial_ice_j,
          eino_small_chamber_without_monster, statue_in_the_mist_lemuel,
          amcnicky_mini_corridor_feature, st_stairs_9,
          nicolae_shop_overcharged_wands
D:11:     layout_irregular_city, nicolae_uskayaw_en_pointe, uniq_snorg
Lair:1:   layout_small_grid, basic_altar, serial_bayou_lake_a
Lair:2:   layout_roguey, nicolae_swamp_entry_splash_gauntlet
Lair:3:   dpeg_oklob_gauntlet, layout_gridlike
Lair:6:   hellmonk_lair_end_abyssal_woods, layout_misc_corridors,
          kilobyte_rumbling_trees

Skill      XL: |  1  2  3  4  5  6  7  8  9 10 11 12 13 |
---------------+----------------------------------------+-----
Fighting       | 1 2 3 4 5 7 9 10 11 12 | 12.3
Spellcasting   | 3 4 5 7 8 10 11 12 13 | 13.5
Dodging        | |  2.1
Stealth        | |  1.5

Action                   |  1- 3 |  4- 6 |  7- 9 | 10-12 | 13-15 || total
-------------------------+-------+-------+-------+-------+-------++-------
Melee: Unarmed           |     1 |       |       |       |       ||     1
       Staff             |       |       |       |     1 |       ||     1
 Cast: Sandblast         |    34 |       |       |     3 |       ||    37
       Stone Arrow       |     9 |    47 |   177 |   327 |    82 ||   642
Evoke: Wand              |       |       |       |     2 |       ||     2
  Use: Scroll            |       |       |       |     1 |       ||     1
Armor: Robe              |     7 |     2 |       |    20 |     4 ||    33
Dodge: Dodged            |    12 |     5 |    18 |    88 |    25 ||   148

Table legend: (Time is in decaauts)
 A = Elapsed time spent in this place.
 B = Non-inter-level travel time spent in this place.
 C = Inter-level travel time spent in this place.
 D = Time resting spent in this place.
 E = Time spent auto-exploring this place.
 F = Levels seen in this place.
 G = Mean time per level.
                   A        B        C        D        E       F      G
               +--------+--------+--------+--------+--------+-----+--------+
         Total |  20758 |  20369 |    389 |   2699 |  14881 |  16 | 1297.4 |
       Dungeon |  14780 |  14407 |    373 |   1759 |  10520 |  11 | 1343.6 |
          Lair |   5274 |   5258 |     16 |    940 |   3751 |   4 | 1318.5 |
       Ossuary |    704 |    704 |      0 |      0 |    610 |   1 |  704.0 |
               +--------+--------+--------+--------+--------+-----+--------+

Top non-repeatable levels by time:
  Lair:2: 2711 daAuts
    D:10: 2408 daAuts
     D:2: 1707 daAuts
     D:4: 1685 daAuts
  Lair:1: 1640 daAuts
     D:6: 1435 daAuts
     D:5: 1327 daAuts
     D:8: 1198 daAuts
     D:1: 1163 daAuts
     D:7: 1141 daAuts
     D:3: 1021 daAuts
     D:9: 994 daAuts
  Lair:3: 815 daAuts
 Ossuary: 704 daAuts
    D:11: 695 daAuts
